 Dungeon Crawl Stone Soup version 0.25-a0-68-ge58f8a54b6 (webtiles) character file.

2206334 Barrydekale the Conqueror (level 27, 233/245 HPs)
             Began as a Minotaur Berserker on Dec 24, 2016.
             Was a High Priest of Trog.
             Escaped with the Orb
             ... and 4 runes on Nov 2, 2019!
             The game lasted 05:31:00 (89008 turns).

Barrydekale the Conqueror (Minotaur Berserker)     Turns: 89008, Time: 05:31:01

Health: 233/245    AC: 50    Str: 21    XL:     27
Magic:  30/30      EV: 21    Int:  3    God:    Trog [*****.]
Gold:   9196       SH:  2    Dex: 20    Spells: 26/26 levels left

rFire    + + +     SeeInvis +   T - +9 triple sword (vamp)
rCold    + + .     Gourm    .   (shield currently unavailable)
rNeg     + + +     Faith    .   d - +11 gold dragon scales
rPois    +         Spirit   .   W - +3 crown of Dyrovepreva {rElec Int+2 SInv}
rElec    +         Reflect  +   s - +1 cloak of Puroasug {Int-4 Slay+5}
rCorr    .         Harm     .   S - +3 pair of gauntlets of War {Slay+5}
MR       +++..                  z - +2 pair of boots
Stlth    ..........             w - amulet "Qothishru" {Reflect rF++ rN+++ Int-2 Slay-4 SH+2}
HPRegen  0.50/turn              x - ring of the Shining Light {MR+ Int+3 Stlth-}
MPRegen  0.22/turn              D - ring of Xom's Malicious Joy {+Fly rF+ rC+}

@: no status effects
A: retaliatory headbutt, claws 2, horns 2, molten scales 1, agile 1, blurry
vision 1, deformed body, dopey 1, frail 1, low mp 2, mutation resistance 1,
screaming 2, shaggy fur 1, electricity resistance, weak 2, wild magic 1,
MP-powered wands
0: Orb of Zot
}: 4/15 runes: decaying, slimy, golden, gossamer
a: Berserk, Trog's Hand, Brothers in Arms, Renounce Religion, Evoke Flight


You escaped.
You worshipped Trog.
Trog was extremely pleased with you.
You were not hungry.

You visited 12 branches of the dungeon, and saw 59 of its levels.
You visited the Abyss 4 times.
You also visited: Trove, Ossuary, Ice Cave, Volcano, Wizlab and Labyrinth.

You collected 12273 gold pieces.
You spent 3077 gold pieces at shops.

Inventory:

Hand Weapons
 T - a +9 vampiric triple sword (weapon)
Armour
 d - +11 gold dragon scales (worn)
 s - the +1 cloak of Puroasug (worn) {Int-4 Slay+5}
   (You found it on level 1 of the Spider Nest)

   It affects your intelligence (-4).
   It affects your accuracy and damage with ranged weapons and melee attacks
   (+5).
 z - a +2 pair of boots (worn)
 S - the +3 pair of gauntlets of War (worn) {Slay+5}
   (You found it in a Labyrinth)

   It affects your accuracy and damage with ranged weapons and melee attacks
   (+5).
 W - the +3 crown of Dyrovepreva (worn) {rElec Int+2 SInv}
   (You found it on level 3 of the Tomb of the Ancients)

   It affects your intelligence (+2).
   It insulates you from electricity.
   It lets you see invisible.
Jewellery
 w - the amulet "Qothishru" (around neck) {Reflect rF++ rN+++ Int-2 Slay-4 SH+2}
   (You found it in a treasure trove)

   [amulet of reflection]

   It shields you and reflects attacks.
   It affects your intelligence (-2).
   It affects your accuracy and damage with ranged weapons and melee attacks
   (-4).
   It greatly protects you from fire.
   It renders you almost immune to negative energy.
   It affects your SH (+2).
 x - the ring of the Shining Light (left hand) {MR+ Int+3 Stlth-}
   (You found it on level 3 of the Tomb of the Ancients)

   [ring of attention]

   It affects your intelligence (+3).
   It affects your resistance to hostile enchantments.
   It makes you less stealthy.
 D - the ring of Xom's Malicious Joy (right hand) {+Fly rF+ rC+}
   (You found it in a treasure trove)

   [ring of flight]

   It protects you from fire.
   It protects you from cold.
   It lets you fly.
 P - the ring "Koeploic" {AC+3 Int+3 SInv}
   (You bought it in a shop on level 2 of the Orcish Mines)

   [ring of protection]

   It affects your AC (+3).
   It affects your intelligence (+3).
   It lets you see invisible.
Wands
 b - a wand of removedness (9)
 f - a wand of digging (8)
 k - a wand of disintegration (6)
 l - a wand of acid (4)
 t - a wand of acid (3)
 J - a wand of iceblast (6)
Scrolls
 e - 19 scrolls of teleportation
 h - 8 scrolls of blinking
 m - 26 scrolls of remove curse
 n - 2 scrolls of summoning
 p - 8 scrolls of fear
 q - 3 scrolls of silence
 A - 11 scrolls of fog
 F - 7 scrolls of magic mapping
 G - 7 scrolls of immolation
 H - a scroll of holy word
 K - 10 scrolls of identify
 R - 7 scrolls of removedness
Potions
 g - 18 potions of curing
 j - 4 potions of mutation
 r - 2 potions of invisibility
 u - 9 potions of flight
 v - 4 potions of agility
 y - 2 potions of cancellation
 B - 11 potions of lignification
 E - 9 potions of brilliance
 L - 5 potions of ambrosia
 M - 10 potions of heal wounds
 N - 2 potions of berserk rage
 O - a potion of resistance
 Q - 5 potions of might
 X - 3 potions of haste
Miscellaneous
 a - a lamp of fire
 i - 5 phantom mirrors
 o - a figurine of a ziggurat
 I - a phial of floods
 U - a fan of gales
 Y - 4 sacks of spiders
Comestibles
 c - 27 rations
 C - 3 rations


   Skills:
 O Level 27 Fighting
 O Level 27 Long Blades
 O Level 27 Armour
 O Level 27 Dodging
 + Level 25.0 Evocations


You had 26 spell levels left.
You didn't know any spells.
Your spell library was empty.

Dungeon Overview and Level Annotations

Branches:
Dungeon (15/15)            Temple (0/1) D:5            Lair (6/6) D:8
  Swamp (4/4) Lair:3       Spider (4/4) Lair:2        Slime (5/5) Lair:6
    Orc (2/2) D:12            Elf (3/3) Orc:2        Vaults (4/5) D:14
  Crypt (3/3) Vaults:3       Tomb (3/3) Crypt:3      Depths (5/5) D:15
    Zot (5/5) Depths:5

Altars:
Fedhas
Gozag
Hepliaklqana
Kikubaaqudgha
Makhleb
Nemelex Xobeh
Qazlal
The Shining One
Beogh

Shops:
D:4 ?   D:10 !   D:13 *   Orc:2 =[:=   Elf:2 [[}==}   Vaults:3 ([*   Depths:1 [
Depths:4 %

Portals:
Hell: Depths:1 Depths:2 Depths:3 Depths:4 Depths:5
Abyss: Depths:3 Depths:4
Pandemonium: Depths:3
Ziggurat: Depths:2

Annotations:
Lair:2 exclusion: 4 oklob plants
Spider:4 1 exclusion
Depths:5 2 runed doors
Zot:4 1 exclusion


Innate Abilities, Weirdness & Mutations

You reflexively headbutt those who attack you in melee.
You have a pair of horns on your head.
You have very sharp fingernails.
You are partially covered in molten scales. (AC +2)
You are agile. (Dex +2)
Scrolls take you a little longer to read.
Armour fits poorly on your strangely shaped body.
You are dopey. (Int -2)
You are frail. (-10% HP)
Your magical capacity is very low. (-20% MP)
You are somewhat resistant to further mutation.
You sometimes yell uncontrollably at your foes.
You are covered in fur. (AC +1)
You are resistant to electric shocks. (rElec)
You are very weak. (Str -4)
Your spells are a little harder to cast, but a little more powerful.
You expend magic power (3 MP) to strengthen your wands.


Message History

Odunwa completely misses you.
You slice Odunwa!!
Odunwa is severely wounded.
Odunwa gestures.
The shadow imp barely misses you.
You riposte.
You cut the shadow imp into ribbons!!!
You kill the shadow imp!
Trog accepts your kill.
You slice Odunwa!!
You kill Odunwa!
Trog accepts your kill.
The cacodemon disappears in a puff of smoke!
There is an open door here.
There is an open door here.
You see here a club.
You yell at the lorocyproca!
A lorocyproca comes into view.
There is an open door here.
There is a staircase leading out of the dungeon here.
You have escaped!

#'#####.#####.#####..#
#.#†## #.#
#.#...#.#...#..#
#....#
#.#####.#.2.#.'...#..#
######
........#...#.#...#..#
........##'##.#####..#
.........)...........#
........#####.##2##..#
........#...#.#...#..#
###.##..#.>.'.#.@.#).#
#..##.#...#.#...#..#
##.##.#####.#####..#
#..#..............#
##.###............#
#.####.###########
#..# #.# ##.###.#####
#..##.#...##


You could see a lorocyproca (invisible).

Vanquished Creatures
  the Royal Jelly (Slime:5)
  9 orbs of fire
  4 ancient liches
  2 juggernauts
  34 greater mummies
  Frederick (Tomb:1)
  4 Killer Klowns
  3 curse toes
  Margery (Crypt:3)
  Xtahua (Vaults:4)
  7 golden dragons
  A pandemonium lord (D:1)
  Nikola (Elf:3)
  A profane servitor (Crypt:3)
  the Enchantress (Depths:1)
  6 bone dragons
  A hellephant (Abyss:1)
  4 electric golems
  Jorgrun (Spider:3)
  A Brimstone Fiend (Zot:5)
  A Hell Sentinel (Zot:1)
  An Ice Fiend (Depths:5)
  27 Orb Guardians
  7 liches
  22 tentacled monstrosities
  5 deep elf blademasters
  6 quicksilver dragons
  5 titans
  Frances (D:12)
  23 acid blobs
  15 tentacled starspawn
  6 ancient champions
  5 sphinxes
  17 death cobs
  A thorn hunter (Swamp:4)
  7 revenants
  Kirke (Spider:4)
  14 shadow dragons
  Roxanne (Spider:4)
  3 draconian monks
  14 storm dragons
  5 tengu reavers
  Donald (Vaults:2)
  17 azure jellies
  6 deep elf sorcerers
  6 fire giants
  8 draconian scorchers
  A daeva (Abyss:1)
  11 frost giants
  5 draconian knights
  An orc warlord (Orc:1)
  5 ghost moths
  A balrug (Abyss:5)
  2 ghouls
  4 draconian shifters
  3 cacodemons
  16 vault wardens
  8 deep elf elementalists
  4 emperor scorpions (Spider:4)
  2 curse skulls (Crypt:3)
  9 draconian annihilators
  A reaper (Abyss:3)
  An angel (Abyss:2)
  12 ironheart preservers
  3 draconian stormcallers
  6 spriggan defenders
  16 stone giants
  24 very ugly things
  2 ophanim (Abyss:1)
  3 entropy weavers
  6 vampire knights
  10 green draconians
  7 deep elf demonologists
  8 deep elf annihilators (Elf:3)
  2 lorocyprocas
  15 black draconians
  16 white draconians
  22 bennus
  13 red draconians
  16 purple draconians
  6 dire elephants (Lair:6)
  3 eidola
  Snorg (Orc:2)
  9 spark wasps
  12 yellow draconians
  12 ettins
  A minotaur (Lab)
  17 fire dragons
  12 death oozes
  2 blizzard demons
  A quicksilver dragon zombie (Tomb:2)
  23 jiangshi
  5 deep elf death magi
  2 green deaths
  10 yaktaur captains
  Josephine (Orc:1)
  3 merfolk impalers
  22 mummy priests
  7 deep elf high priests
  16 great orbs of eyes
  A great orb of eyes (shapeshifter) (Vaults:4)
  6 ice dragons
  5 vault guards
  Fannar (Lair:1)
  A quicksilver dragon skeleton (Crypt:1)
  Harold (Orc:1)
  8 rakshasas
  3 spriggan air magi
  20 hydras
  30 two-headed ogres
  Erica (D:9)
  8 death yaks
  The ghost of azzavlup the Basher, a journeyman GrBe of Trog (D:11)
  11 alligators
  An anaconda (Lair:6)
  A ghost crab (Swamp:4)
  5 tengu warriors
  An anaconda (shapeshifter) (Depths:4)
  11 ogre magi
  7 centaur warriors
  16 deep troll earth magi
  58 death scarabs
  34 dancing weapons
  3 death knights (Crypt:3)
  10 deep troll shamans
  A spectral dire elephant (Crypt:3)
  5 vampire magi
  10 thrashing horrors
  A titan zombie (Tomb:2)
  11 spriggan berserkers
  4 hell hogs
  A queen ant (Spider:4)
  24 hell knights
  34 deep elf knights
  A salamander mystic (Depths:3)
  Nergalle (Orc:1)
  4 soul eaters
  2 sun demons (Abyss:5)
  29 skeletal warriors
  7 wretched stars
  A titan skeleton (Crypt:1)
  2 fire crabs (shapeshifter) (Vaults:4)
  5 shadow wraiths
  6 iron trolls
  A golden dragon zombie (Abyss:3)
  An unseen horror (shapeshifter) (Depths:3)
  An anaconda zombie (Crypt:1)
  3 sixfirhies
  2 storm dragon skeletons
  4 unseen horrors
  3 spatial maelstroms
  3 shambling mangroves
  35 starcursed masses
  2 spriggan druids (Swamp:4)
  11 deep elf archers
  5 glowing orange brains
  7 wizards
  A lindwurm (shapeshifter) (Depths:3)
  A shadow demon (Abyss:5)
  36 deep trolls
  8 flayed ghosts
  10 ironbrand convokers
  An anaconda skeleton (Crypt:2)
  A swamp dragon (shapeshifter) (Depths:3)
  12 swamp dragons
  17 orc knights
  4 phantasmal warriors
  An orb spider (shapeshifter) (Abyss:5)
  A harpy (Vaults:1)
  36 wolf spiders
  A tengu zombie (Vaults:3)
  2 wolf spider zombies
  A frost giant zombie (Vaults:3)
  15 orb spiders
  3 fire giant zombies
  A harpy (shapeshifter) (Abyss:1)
  4 necromancers
  A shadow dragon skeleton (Tomb:2)
  2 stone giant zombies
  2 orc sorcerers
  72 deep elf magi
  2 shining eyes
  A shining eye (shapeshifter) (Depths:1)
  A cyclops (shapeshifter) (Vaults:2)
  2 salamanders (Depths:3)
  55 ugly things
  Maurice (D:8)
  4 worldbinders
  5 cyclopes
  A black mamba (shapeshifter) (Vaults:3)
  An elephant (shapeshifter) (Depths:4)
  2 manticores
  A stone giant skeleton (Vaults:3)
  5 black mambas
  32 moths of wrath
  8 elephants
  Psyche (D:12)
  A rust devil (Abyss:2)
  2 ice statues (IceCv)
  6 eyes of devastation
  3 apocalypse crabs
  An eye of devastation (shapeshifter) (Vaults:3)
  2 orange demons (Abyss:1)
  4 centaur zombies
  11 vault sentinels
  A titan simulacrum (Crypt:3)
  11 smoke demons
  2 torpor snails
  A torpor snail (shapeshifter) (Depths:4)
  A gargoyle (D:15)
  A hellion (Zot:4)
  3 rime drakes
  17 spiny frogs
  A yellow draconian zombie (Crypt:3)
  A yaktaur (shapeshifter) (Vaults:2)
  3 efreet
  9 demonic crawlers
  80 yaktaurs
  6 ice devils (IceCv)
  10 freezing wraiths
  A komodo dragon (shapeshifter) (Depths:2)
  25 small abominations
  13 ancient zymes
  3 red devils
  46 guardian mummies
  9 komodo dragons
  3 tengu conjurers
  A hydra zombie (Crypt:1)
  3 meliai (Spider:4)
  3 queen bees
  A queen bee (shapeshifter) (Vaults:2)
  3 hellwings
  A harpy zombie (Tomb:1)
  7 trolls
  7 tyrant leeches
  A polar bear (shapeshifter) (Abyss:2)
  24 jumping spiders
  113 slime creatures
  2 tengu simulacra (Vaults:2)
  A harpy skeleton (Crypt:1)
  9 bog bodies
  24 hornets
  Grinder (D:5)
  A guardian serpent zombie (Crypt:1)
  37 blink frogs
  15 hippogriffs
  4 dream sheep (Lair:6)
  An ice dragon zombie (Tomb:3)
  2 meliai zombies
  27 raiju
  A fire giant simulacrum (Tomb:2)
  40 redbacks
  25 water elementals
  89 flying skulls
  A redback (shapeshifter) (Vaults:4)
  2 air elementals
  20 tarantellas
  2 ettin skeletons
  A tarantella (shapeshifter) (D:15)
  A black mamba zombie (Tomb:1)
  19 wraiths
  8 ynoxinuls
  9 spriggans
  36 large abominations
  12 ushabtiu
  4 shadows
  6 golden eyes
  4 wyverns
  6 fire bats (Volcano)
  A human (D:7)
  40 yaks
  8 basilisks
  4 fire elementals
  2 hogs (D:7)
  Grum (D:10)
  23 vampire mosquitoes
  A basilisk (shapeshifter) (Abyss:4)
  2 hungry ghosts
  6 wargs
  9 neqoxecs
  A steam dragon (Lair:2)
  4 spatial vortices
  3 chaos spawn
  2 deep troll zombies
  A gelid demonspawn zombie (WizLab)
  17 swamp worms
  12 insubstantial wisps
  A water nymph zombie (Crypt:2)
  4 hell hounds
  4 acid dragons
  18 soldier ants (Spider:4)
  19 water moccasins
  8 porcupines
  A floating eye (Slime:3)
  58 orc warriors
  4 ice beasts
  7 eyes of draining
  A phantom (D:11)
  A black bear (D:13)
  5 necrophages
  3 sky beasts
  15 swamp drakes
  A human zombie (Vaults:4)
  44 ogres
  24 boggarts
  18 wolves
  18 centaurs
  A swamp dragon skeleton (Tomb:2)
  13 crocodiles
  Blork the orc (D:5)
  A gnoll sergeant (D:6)
  An elf zombie (Crypt:2)
  19 bullfrogs
  6 earth elementals
  A hippogriff skeleton (Crypt:1)
  A wyvern zombie (D:13)
  2 wyvern skeletons
  2 scorpions
  A warg skeleton (Crypt:2)
  A water moccasin skeleton (D:6)
  86 killer bees
  16 wights
  A human simulacrum (Vaults:1)
  3 howler monkeys
  An electric eel (Spider:3)
  6 crimson imps
  2 bullfrog zombies
  4 lava snakes (Volcano)
  3 quasits
  9 centaur skeletons
  6 hounds
  5 jellies
  23 orc priests
  33 orc wizards
  2 bullfrog skeletons
  2 iron imps
  Jessica (D:3)
  6 iguanas
  A porcupine zombie (Crypt:1)
  19 worker ants
  A gnoll shaman (D:4)
  A hell rat (Lair:2)
  A killer bee zombie (D:6)
  A demigod zombie (Crypt:1)
  A deep dwarf skeleton (Crypt:1)
  2 hound zombies
  2 hound skeletons
  49 mummies
  A hell rat zombie (Crypt:2)
  9 gnolls
  A worker ant zombie (D:10)
  A howler monkey skeleton (D:7)
  17 adders
  2 shadow imps
  26 white imps
  12 ufetubi
  An ooze (D:2)
  3 adder zombies
  A halfling zombie (Crypt:2)
  An iguana skeleton (Crypt:1)
  19 worms
  3 dart slugs
  4 leopard geckos
  92 orcs
  8 bats
  5 giant cockroaches
  11 goblins
  10 hobgoblins
  12 jackals
  7 kobolds
  5 quokkas
  2 ball pythons
  2 frilled lizards
  A gnoll zombie (Ossuary)
  A goblin zombie (Crypt:1)
  A hobgoblin zombie (Ossuary)
  4 jackal zombies
  A kobold zombie (Ossuary)
  3 orc zombies
  7 rats
  2 rat zombies (Ossuary)
  2 briar patches (Swamp:4)
  A crawling corpse (Elf:3)
  A fire vortex (Orc:2)
  5 plants
  16 starspawn tentacles
3434 creatures vanquished.

Vanquished Creatures (collateral kills)
  3 sphinxes (Tomb:1)
  An acid blob (Slime:3)
  A reaper (IceCv)
  A deep elf annihilator (Elf:3)
  A hydra (Lair:1)
  A slime creature (Slime:3)
  A small abomination (Elf:3)
  A flying skull (Tomb:2)
  A hell hound (Depths:5)
  A water moccasin (Lair:1)
  2 eyes of draining (Slime:3)
  A mummy (Tomb:1)
  3 crawling corpses (Elf:3)
18 creatures vanquished.

Vanquished Creatures (others)
  A lich (Tomb:2)
  2 centaur warriors
  A hell hog (Abyss:2)
  3 death scarabs (Tomb:2)
  An anaconda zombie (Tomb:2)
  A guardian mummy (Tomb:2)
  A water elemental (Elf:2)
  8 flying skulls (Tomb:2)
  A redback (Spider:4)
  An ushabti (Tomb:2)
  A golden eye (shapeshifter) (Vaults:3)
  4 humans
  A small abomination (Abyss:5)
  2 mummies (Tomb:2)
  3 white imps (IceCv)
  4 ufetubi (IceCv)
  A ball lightning (Zot:5)
  2 orcs (Orc:1)
  2 briar patches (Swamp:4)
  8 fungi
  2 lurking horrors (Abyss:2)
  8 plants (Lair:6)
  30 starspawn tentacles
88 creatures vanquished.

Grand Total: 3540 creatures vanquished

Notes
Turn   | Place    | Note
-------+----------+-------------------------------------------
     0 | D:1      | Barrydekale the Minotaur Berserker began the quest for the
                  | Orb.
     0 | D:1      | Reached XP level 1. HP: 19/19 MP: 0/0
    82 | D:1      | Reached XP level 2. HP: 12/26 MP: 1/1
   545 | D:1      | Reached skill level 5 in Long Blades
   699 | D:1      | Reached XP level 3. HP: 28/31 MP: 2/2
   869 | D:1      | Found a sparkling altar of Nemelex Xobeh.
  1160 | D:2      | Reached ** piety under Trog
  1299 | D:2      | Found a glowing golden altar of the Shining One.
  1875 | D:2      | Reached XP level 4. HP: 39/39 MP: 3/3
  2130 | D:3      | Noticed Jessica
  2141 | D:3      | Killed Jessica
  2291 | D:3      | Reached XP level 5. HP: 38/45 MP: 4/4
  2319 | D:3      | Found a hazy altar of Hepliaklqana.
  2548 | D:3      | Reached *** piety under Trog
  2588 | D:4      | Noticed an ogre
  2595 | D:4      | Killed an ogre
  2613 | D:4      | Reached XP level 6. HP: 27/51 MP: 5/5
  3150 | D:4      | Reached XP level 7. HP: 28/57 MP: 6/6
  3459 | D:4      | Found a burning altar of Makhleb.
  3506 | D:4      | Found Kyek Itt's Magic Scroll Boutique.
  3517 | D:4      | Bought a scroll of remove curse for 30 gold pieces
  3517 | D:4      | Bought a scroll of fog for 20 gold pieces
  3517 | D:4      | Bought a scroll of identify for 20 gold pieces
  3517 | D:4      | Bought a scroll of blinking for 75 gold pieces
  3743 | D:5      | Entered Level 5 of the Dungeon
  4241 | D:5      | Noticed Blork the orc
  4252 | D:5      | Reached skill level 10 in Long Blades
  4256 | D:5      | Killed Blork the orc
  4521 | D:5      | Found a staircase to the Ecumenical Temple.
  4570 | D:5      | Reached **** piety under Trog
  4594 | D:5      | Noticed Grinder
  4607 | D:5      | Paralysed by Grinder for 5 turns
  4614 | D:5      | Killed Grinder
  4669 | D:5      | Found an ancient bone altar of Kikubaaqudgha.
  4669 | D:5      | Noticed a human
  4672 | D:5      | Killed a human
  4890 | D:6      | Reached XP level 8. HP: 49/64 MP: 7/7
  5965 | D:6      | HP: 1/64 [orc warrior/mace (13)]
  6101 | D:6      | Found a stormy altar of Qazlal.
  6339 | D:7      | Found a sand-covered staircase.
  6348 | Ossuary  | Entered an ossuary
  6372 | Ossuary  | Reached XP level 9. HP: 57/70 MP: 8/8
  6666 | D:7      | Found a blossoming altar of Fedhas.
  6767 | D:7      | Reached skill level 5 in Armour
  6942 | D:8      | Reached skill level 5 in Fighting
  7108 | D:8      | Noticed Maurice
  7143 | D:8      | Killed Maurice
  7279 | D:8      | Found a staircase to the Lair.
  7451 | D:8      | Noticed a two-headed ogre
  7524 | D:8      | Killed a two-headed ogre
  7524 | D:8      | Reached XP level 10. HP: 56/83 MP: 9/9
  7749 | D:8      | Found a sparkling altar of Nemelex Xobeh.
  7751 | D:8      | Noticed a two-headed ogre
  7757 | D:8      | Killed a two-headed ogre
  7757 | D:8      | Reached skill level 10 in Armour
  8257 | Lair:1   | Entered Level 1 of the Lair of Beasts
  8283 | Lair:1   | Noticed Fannar
  8307 | Lair:1   | Killed Fannar
  8307 | Lair:1   | Reached skill level 5 in Dodging
  8362 | Lair:1   | Reached ***** piety under Trog
  8376 | Lair:1   | Noticed a spiny frog
  8380 | Lair:1   | Killed a spiny frog
  8451 | Lair:1   | Noticed a five-headed hydra
  8458 | Lair:1   | Killed a five-headed hydra
  8569 | D:7      | Got a warped falchion
  8571 | D:7      | Identified the +11 falchion "Tuomaff" {flame, Str+3} (You
                  | found it on level 7 of the Dungeon)
  8671 | Lair:1   | Reached XP level 11. HP: 85/97 MP: 10/10
  8794 | Lair:1   | Got an ichor-stained shortbow
  8798 | Lair:1   | Identified the +3 shortbow "Kesauz" {flame, Int+3} (You
                  | found it on level 1 of the Lair of Beasts)
  8942 | Lair:1   | Reached skill level 10 in Fighting
  9494 | Lair:2   | Reached skill level 1 in Evocations
  9895 | Lair:2   | Received a gift from Trog
 10276 | Lair:2   | Found a hole to the Spider Nest.
 10409 | Lair:2   | Got a steaming chain mail
 10420 | Lair:2   | Identified the cursed +1 chain mail "Paotihur" {*Drain
                  | rPois Int+4 Dex+3} (You found it on level 2 of the Lair of
                  | Beasts)
 10459 | Lair:2   | Reached XP level 12. HP: 112/112 MP: 13/13
 10834 | Lair:2   | Received a gift from Trog
 10925 | Lair:3   | Noticed a death yak
 10948 | Lair:3   | Killed a death yak
 10976 | Lair:3   | Found a staircase to the Swamp.
 11166 | Lair:3   | Identified the Handbook of Conjuration and Creation
 11254 | Lair:3   | Noticed a death yak
 11256 | Lair:3   | Noticed a death yak
 11266 | Lair:3   | Noticed a death yak
 11270 | Lair:3   | Killed a death yak
 11271 | Lair:3   | Noticed a death yak
 11276 | Lair:3   | Killed a death yak
 11282 | Lair:3   | Killed a death yak
 11286 | Lair:3   | Killed a death yak
 11286 | Lair:3   | Reached skill level 5 in Evocations
 12609 | Lair:4   | Found a dark tunnel.
 12619 | Volcano  | Entered a volcano
 12726 | Volcano  | Reached XP level 13. HP: 118/125 MP: 16/16
 12789 | Volcano  | Received a gift from Trog
 12956 | Volcano  | Found a burning altar of Makhleb.
 13005 | Volcano  | Found a burning altar of Makhleb.
 13517 | Lair:5   | Reached skill level 15 in Fighting
 13616 | Lair:6   | Entered Level 6 of the Lair of Beasts
 13839 | Lair:5   | Received a gift from Trog
 14639 | Lair:6   | Found a staircase to the Slime Pits.
 15359 | Lair:6   | Reached XP level 14. HP: 130/137 MP: 18/18
 15668 | Lair:6   | Reached ****** piety under Trog
 16343 | D:9      | Received a gift from Trog
 16390 | D:9      | Reached skill level 10 in Dodging
 16409 | D:9      | Reached skill level 15 in Armour
 16413 | D:9      | Noticed Erica
 16440 | D:9      | Killed Erica
 16779 | D:9      | Received a gift from Trog
 16800 | D:9      | Gained mutation: You expend magic power (3 MP) to
                  | strengthen your wands. [mutagenic glow]
 16858 | D:10     | Entered Level 10 of the Dungeon
 16903 | D:10     | Noticed Grum
 16909 | D:10     | Killed Grum
 17389 | D:10     | Found Xeil's Distillery.
 17402 | D:10     | Bought a potion of heal wounds for 65 gold pieces
 17402 | D:10     | Bought a potion of heal wounds for 65 gold pieces
 17402 | D:10     | Bought a potion of haste for 130 gold pieces
 17709 | D:11     | Noticed azzavlup's ghost (journeyman GrBe)
 17718 | D:11     | Killed azzavlup's ghost
 18319 | D:11     | Reached skill level 15 in Long Blades
 18581 | D:12     | Noticed Frances
 18589 | D:12     | Killed Frances
 18594 | D:12     | Found a frozen archway.
 18605 | D:12     | Received a gift from Trog
 18643 | IceCv    | Entered an ice cave
 19278 | IceCv    | Noticed a reaper
 19286 | IceCv    | Killed a reaper
 19837 | D:12     | Found a staircase to the Orcish Mines.
 19838 | D:12     | Found a roughly hewn altar of Beogh.
 19966 | D:12     | Noticed Psyche
 19974 | D:12     | Killed Psyche
 20092 | D:12     | Received a gift from Trog
 20456 | Orc:1    | Entered Level 1 of the Orcish Mines
 20462 | Orc:1    | Noticed Harold
 20473 | Orc:1    | Noticed Josephine
 20475 | Orc:1    | Killed Harold
 20486 | Orc:1    | Reached XP level 15. HP: 145/145 MP: 20/20
 20489 | Orc:1    | Killed Josephine
 20587 | Orc:1    | Noticed an orc warlord
 20608 | Orc:1    | Killed an orc warlord
 20935 | Orc:1    | Noticed Nergalle
 20958 | Orc:1    | Killed Nergalle
 21028 | Orc:1    | Received a gift from Trog
 21334 | Orc:2    | Entered Level 2 of the Orcish Mines
 21334 | Orc:2    | Found a staircase to the Elven Halls.
 21437 | Orc:2    | Found a labyrinth entrance.
 21442 | Orc:2    | Noticed Snorg
 21461 | Orc:2    | Killed Snorg
 21491 | Lab      | Entered a Labyrinth
 21931 | Lab      | Identified the Handbook of Indemnity
 21951 | Lab      | Got a jewelled long sword {distort}
 21965 | Lab      | Identified the +10 long sword of the Stork {distort, Int+4}
                  | (You took it off a minotaur in a labyrinth)
 21977 | Lab      | Got a blackened buckler
 21985 | Orc:2    | Identified the +0 buckler "Kitwinn" {*Contam rPois Dex+4}
                  | (You found it in a labyrinth)
 22028 | Orc:2    | Identified a +0 rod of shadows (14/14) (You found it in a
                  | labyrinth)
 22349 | Orc:2    | Found Epifuana's Antique Armour Emporium.
 22349 | Orc:2    | Found Qaituak's Book Shop.
 22358 | Orc:2    | Found Pawn's Jewellery Boutique.
 22368 | Orc:2    | Found Kuichogh's Jewellery Shoppe.
 22468 | Orc:2    | Bought the ring "Koeploic" {AC+3 Int+3 SInv} for 616 gold
                  | pieces
 22478 | Orc:2    | Bought the amulet "Lucs" {Reflect rN+ SH+4} for 470 gold
                  | pieces
 22484 | Orc:2    | Bought an embroidered cloak for 210 gold pieces
 22598 | Orc:2    | Found a roughly hewn altar of Beogh.
 23314 | D:13     | Got a warped platinum amulet
 23366 | D:13     | Identified the amulet "Wegyug" {Reflect MR++ Str+4 Dex-3
                  | SH+5} (You found it on level 13 of the Dungeon)
 23369 | D:13     | Got a fine golden ring
 23372 | D:13     | Identified the ring "Sikongier" {Ice rPois} (You found it
                  | on level 13 of the Dungeon)
 23432 | D:13     | Found Aptoshreimi's General Store.
 23905 | D:14     | Received a gift from Trog
 24469 | D:14     | Found a gate to the Vaults.
 24764 | D:15     | Entered Level 15 of the Dungeon
 25144 | D:15     | Found a staircase to the Depths.
 25677 | D:15     | Gained mutation: Your spells are a little harder to cast,
                  | but a little more powerful. [potion of mutation]
 25677 | D:15     | Gained mutation: You have sharp fingernails. [potion of
                  | mutation]
 25678 | D:15     | Gained mutation: You are frail. (-10% HP) [potion of
                  | mutation]
 25678 | D:15     | Gained mutation: You are covered in fur. (AC +1) [potion of
                  | mutation]
 25678 | D:15     | Gained mutation: Your mind is acute. (Int +2) [potion of
                  | mutation]
 25921 | D:4      | Bought a scroll of brand weapon for 200 gold pieces
 26043 | Swamp:1  | Entered Level 1 of the Swamp
 26363 | Swamp:1  | Reached XP level 16. HP: 136/136 MP: 21/21
 26785 | Swamp:2  | Received a gift from Trog
 27498 | Swamp:3  | Received a gift from Trog
 28092 | Swamp:4  | Entered Level 4 of the Swamp
 28130 | Swamp:4  | Noticed a thorn hunter
 28151 | Swamp:4  | Killed a thorn hunter
 29115 | Swamp:4  | Got a decaying rune of Zot
 29156 | Swamp:4  | Received a gift from Trog
 29600 | Spider:1 | Entered Level 1 of the Spider Nest
 29763 | Spider:1 | Reached XP level 17. HP: 99/144 MP: 22/22
 30318 | Spider:1 | Received a gift from Trog
 30546 | Spider:2 | Got a transparent ivory ring
 30548 | Spider:2 | Identified the ring "Radwoh" {+Fly Str+3 Slay+3 Stlth+}
                  | (You found it on level 2 of the Spider Nest)
 31147 | Spider:3 | Noticed Jorgrun
 31162 | Spider:3 | Killed Jorgrun
 32148 | Spider:3 | Received a gift from Trog
 32239 | Spider:4 | Entered Level 4 of the Spider Nest
 32440 | Spider:4 | Received a gift from Trog
 32976 | Spider:4 | Noticed Kirke
 32983 | Spider:4 | Killed Kirke
 33131 | Spider:4 | Noticed Roxanne
 33148 | Spider:4 | Killed Roxanne
 33535 | Spider:4 | Got a gossamer rune of Zot
 33721 | Spider:4 | Received a gift from Trog
 33754 | Spider:4 | Reached XP level 18. HP: 152/153 MP: 23/23
 34248 | D:14     | Gained mutation: Your magical capacity is low. (-10% MP)
                  | [mutagenic glow]
 34421 | Vaults:1 | Entered Level 1 of the Vaults
 34565 | Vaults:1 | Gained mutation: You are partially covered in molten
                  | scales. (AC +2) [mutagenic meat]
 34752 | Vaults:1 | Received a gift from Trog
 35097 | Vaults:1 | Gained mutation: You have very sharp fingernails.
                  | [mutagenic meat]
 35101 | Vaults:1 | Lost mutation: Your magical capacity is low. (-10% MP)
                  | [mutagenic meat]
 35102 | Vaults:1 | Gained mutation: You are somewhat resistant to further
                  | mutation. [mutagenic meat]
 35105 | Vaults:1 | Gained mutation: Your magical capacity is low. (-10% MP)
                  | [mutagenic meat]
 35107 | Vaults:1 | Lost mutation: Your mind is acute. (Int +2) [mutagenic
                  | meat]
 35108 | Vaults:1 | Gained mutation: You are agile. (Dex +2) [mutagenic meat]
 35109 | Vaults:1 | Gained mutation: You are weak. (Str -2) [mutagenic meat]
 35587 | Vaults:1 | Paralysed by a hornet for 3 turns
 35606 | Vaults:1 | Gained mutation: You are resistant to electric shocks.
                  | (rElec) [mutagenic meat]
 36640 | Vaults:2 | Received a gift from Trog
 36996 | Vaults:2 | Noticed Donald
 37005 | Vaults:2 | Killed Donald
 37083 | Vaults:2 | Identified a scroll of acquirement
 37824 | Vaults:2 | Reached XP level 19. HP: 146/166 MP: 21/21
 38988 | Vaults:3 | Noticed a bone dragon
 38996 | Vaults:3 | Killed a bone dragon
 38997 | Vaults:3 | Found a staircase to the Crypt.
 39185 | Vaults:3 | Received a gift from Trog
 39256 | Vaults:3 | Found Gozag's Antique Armour Boutique.
 39293 | Vaults:3 | Found an opulent altar of Gozag.
 39293 | Vaults:3 | Found Gozag's Antique Weapon Boutique.
 39305 | Vaults:3 | Found Gozag's Assorted Antiques.
 39751 | Vaults:3 | Found a portal to a secret trove of treasure.
 39772 | Vaults:3 | You paid a toll of 3 potions of resistance to enter a
                  | treasure trove
 39773 | Trove    | Entered a treasure trove
 39782 | Trove    | Got a smoking zirconium amulet
 39804 | Trove    | Got a glittering silver ring
 39814 | Trove    | Got a warped turquoise ring
 39827 | Trove    | Identified the amulet of Faid {Inacc rElec rPois} (You
                  | found it in a treasure trove)
 39830 | Trove    | Got a flickering ivory amulet
 39832 | Trove    | Identified the amulet "Tefokhli" {Spirit rPois Str-5 Int+7}
                  | (You found it in a treasure trove)
 39848 | Trove    | Got a fine lead ring
 39870 | Trove    | Identified the ring "Irphoeno" {Ice rPois Stlth+} (You
                  | found it in a treasure trove)
 39872 | Trove    | Identified the ring of Benirph {Wiz Str+6 Int+7} (You found
                  | it in a treasure trove)
 39874 | Trove    | Identified the ring "Faptecab" {rElec EV+4 Int+5} (You
                  | found it in a treasure trove)
 39879 | Trove    | Got a smoking ruby amulet
 39881 | Trove    | Got a vibrating turquoise ring
 39892 | Trove    | Identified the ring of Xom's Malicious Joy {+Fly rF+ rC+}
                  | (You found it in a treasure trove)
 39894 | Trove    | Identified the amulet "Qothishru" {Reflect rF++ rN+++ Int-2
                  | Slay-4 SH+2} (You found it in a treasure trove)
 39900 | Trove    | Got a coiled sapphire amulet
 39904 | Trove    | Identified the amulet of the Fool {Reflect rF- Str+5 SH+6}
                  | (You found it in a treasure trove)
 39911 | Trove    | Got a slimy golden ring
 39933 | Vaults:3 | Identified the ring "Nuatipp" {Fire +Fly Str+5 Dex-4} (You
                  | found it in a treasure trove)
 39988 | Vaults:3 | Received a gift from Trog
 41220 | Vaults:4 | Reached XP level 20. HP: 181/181 MP: 22/22
 41407 | Vaults:4 | Received a gift from Trog
 41557 | Vaults:4 | Noticed Xtahua
 41574 | Vaults:4 | Killed Xtahua
 41996 | Vaults:4 | Received a gift from Trog
 42616 | Vaults:4 | Upgraded the game from 0.20-a0-350-ga83eecc to
                  | 0.20-a0-351-gc9b4002
 42827 | Elf:1    | Entered Level 1 of the Elven Halls
 43443 | Spider:1 | Got a transparent cloak
 43454 | Spider:1 | Identified the +1 cloak of Puroasug {Int-4 Slay+5} (You
                  | found it on level 1 of the Spider Nest)
 43886 | Elf:1    | Received a gift from Trog
 44432 | Elf:2    | Found Cahoy's Gadget Boutique.
 44443 | Elf:2    | Found Gith's Jewellery Shoppe.
 44444 | Elf:2    | Found Arazxis's Gadget Shop.
 44445 | Elf:2    | Found Cuoxezin's Jewellery Shoppe.
 44593 | Elf:2    | Found Qipytin's Armour Boutique.
 44614 | Elf:2    | Found Ibadwes's Armour Shop.
 44643 | Elf:2    | Reached XP level 21. HP: 181/193 MP: 24/24
 44945 | Elf:2    | Found a runed gate.
 44945 | Elf:2    | Found a runed gate.
 44947 | Elf:2    | Found a runed gate.
 45387 | Elf:2    | Received a gift from Trog
 45556 | Elf:3    | Entered Level 3 of the Elven Halls
 45687 | Elf:3    | Noticed Nikola
 45694 | Elf:3    | Killed Nikola
 45705 | Elf:3    | Reached skill level 10 in Evocations
 46444 | Elf:3    | Received a gift from Trog
 46636 | Elf:3    | Reached skill level 15 in Dodging
 47427 | Elf:3    | Got an ancient jade ring
 47428 | Elf:3    | Identified the ring of Asis {MR+ Str+2 Int+4 SInv} (You
                  | took it off a deep elf demonologist on level 3 of the Elven
                  | Halls)
 47560 | Elf:3    | Received a gift from Trog
 47591 | Elf:3    | Got an ancient chain mail
 47602 | Elf:3    | Identified the +1 chain mail of Uczigaf {rC+ Dex+5 Stlth+}
                  | (You took it off a deep elf high priest on level 3 of the
                  | Elven Halls)
 48029 | Slime:1  | Entered Level 1 of the Pits of Slime
 48218 | Slime:3  | Reached XP level 22. HP: 201/201 MP: 15/26
 48317 | Slime:5  | Entered Level 5 of the Pits of Slime
 48544 | Slime:5  | Noticed the Royal Jelly
 48747 | Slime:3  | Received a gift from Trog
 48748 | Slime:3  | Paralysed by a floating eye for 2 turns
 48760 | Slime:3  | Paralysed by a floating eye for 3 turns
 49253 | Slime:5  | Killed the Royal Jelly
 49425 | Slime:5  | Received a gift from Trog
 50267 | Slime:5  | Got a transparent copper amulet
 50268 | Slime:5  | Identified the amulet of Hitakue {+Rage Str+2} (You found
                  | it on level 5 of the Pits of Slime)
 50293 | Slime:5  | Got a scorched scale mail
 50304 | Slime:5  | Identified the +1 scale mail of Huit {rPois MR+} (You
                  | acquired it on level 5 of the Pits of Slime)
 50353 | Slime:5  | Got a slimy rune of Zot
 50381 | Slime:5  | Got an ancient crystal plate armour
 50392 | Slime:5  | Identified the +0 crystal plate armour "Zahogot" {rElec}
                  | (You acquired it on level 5 of the Pits of Slime)
 51097 | Crypt:1  | Entered Level 1 of the Crypt
 51546 | Crypt:1  | Got an ichor-stained scale mail
 51558 | Crypt:1  | Identified the +2 scale mail of the Hidden Tables {Dex+3}
                  | (You found it on level 1 of the Crypt)
 51604 | Crypt:2  | Received a gift from Trog
 52188 | Crypt:3  | Entered Level 3 of the Crypt
 52279 | Crypt:3  | Reached XP level 23. HP: 175/206 MP: 27/27
 52296 | Crypt:3  | Found an ancient bone altar of Kikubaaqudgha.
 52297 | Crypt:3  | Noticed Margery
 52312 | Crypt:3  | Killed Margery
 52345 | Crypt:3  | Cast into level 2 of the Abyss (hell knight)
 52347 | Abyss:2  | Found a corrupted altar of Lugonu.
 52355 | Abyss:2  | Found a roughly hewn altar of Beogh.
 52608 | Abyss:2  | Received a gift from Trog
 52746 | Crypt:3  | Escaped the Abyss
 53216 | Crypt:3  | Received a gift from Trog
 53529 | Crypt:3  | Found a staircase to the Tomb.
 53576 | Crypt:3  | Got a transparent tin ring
 53578 | Crypt:3  | Identified the cursed ring "Wisonou" {rPois Int+2 Dex-4}
                  | (You took it off a skeletal warrior on level 3 of the
                  | Crypt)
 54016 | Crypt:3  | Got a coiled platinum ring
 54016 | Crypt:3  | Got a shimmering pewter ring
 54019 | Crypt:3  | Got a steaming lapis lazuli ring
 54021 | Crypt:3  | Identified the ring of Ecsygesh {*Slow +Fly rN+ Int+3
                  | Dex+5} (You found it on level 3 of the Crypt)
 54022 | Crypt:3  | Identified the ring "Seniba" {rN+ Int+4} (You found it on
                  | level 3 of the Crypt)
 54023 | Crypt:3  | Identified the ring "Kycez" {+Inv rC+ rN+ Int+2 Dex-5} (You
                  | found it on level 3 of the Crypt)
 54087 | Crypt:3  | Received a gift from Trog
 54353 | Tomb:1   | Entered Level 1 of the Tomb of the Ancients
 54363 | Tomb:1   | Noticed Frederick
 54371 | Tomb:1   | Killed Frederick
 55126 | Tomb:1   | Noticed a greater mummy
 55154 | Tomb:1   | Killed a greater mummy
 55154 | Tomb:1   | Reached XP level 24. HP: 124/221 MP: 28/28
 55503 | Tomb:1   | Received a gift from Trog
 55511 | Tomb:1   | Noticed a greater mummy
 55531 | Tomb:1   | Killed a greater mummy
 56147 | Depths:1 | Entered Level 1 of the Depths
 56206 | Depths:1 | Found a gateway to Hell.
 56323 | Depths:1 | Noticed the Enchantress
 56351 | Depths:1 | Killed the Enchantress
 56352 | Depths:1 | Received a gift from Trog
 56357 | Depths:1 | Got faerie dragon scales
 56358 | Depths:1 | Identified the +1 faerie dragon scales {rCorr Dex+3} (You
                  | took it off the Enchantress on level 1 of the Depths)
 56428 | Depths:1 | Found a magical portal.
 56444 | WizLab   | Entered Doroklohe's Tomb
 56629 | WizLab   | Noticed a greater mummy
 56644 | WizLab   | Killed a greater mummy
 56644 | WizLab   | Reached skill level 27 in Fighting
 57057 | Depths:1 | Found Kedolis's Antique Armour Shop.
 57060 | Depths:1 | Bought a polished plate armour for 1176 gold pieces
 57070 | Depths:1 | Identified the +1 plate armour "Etonk" {Str-5 Dex+2 Slay+3}
                  | (You bought it in a shop on level 1 of the Depths)
 57472 | Depths:1 | Got a smoking granite ring
 57473 | Depths:1 | Identified the ring "Ufoimu" {Fire -Tele +Fly Dex-5 Slay+5}
                  | (You found it on level 1 of the Depths)
 57891 | Depths:2 | Found a gateway to a ziggurat.
 58521 | Depths:2 | Received a gift from Trog
 59355 | Depths:3 | Reached XP level 25. HP: 231/231 MP: 29/29
 59694 | Depths:3 | Received a gift from Trog
 59776 | Depths:3 | Found a runed door.
 60663 | Depths:3 | Reached skill level 15 in Evocations
 60799 | Depths:3 | Noticed an ancient lich
 61174 | Depths:3 | Found a one-way gate to the infinite horrors of the Abyss.
 61175 | Depths:3 | Found a one-way gate leading to the halls of Pandemonium.
 61188 | Depths:3 | Identified Sif Muna's Collected Works on the Snowflakes
 61214 | Depths:3 | Voluntarily entered the Abyss.
 61263 | Abyss:1  | Received a gift from Trog
 61508 | Abyss:1  | Paralysed by you for 5 turns
 61561 | Depths:3 | Escaped the Abyss
 61565 | Depths:3 | Voluntarily entered the Abyss.
 61923 | Abyss:1  | Received a gift from Trog
 61990 | Abyss:2  | Gained mutation: You occasionally shout uncontrollably at
                  | your foes. [a neqoxec]
 62141 | Abyss:2  | Paralysed by accursed screaming for 1 turns
 62507 | Abyss:2  | Received a gift from Trog
 63159 | Abyss:4  | Upgraded the game from 0.20-a0-351-gc9b4002 to
                  | 0.20-a0-379-gc0b65bf
 63230 | Abyss:5  | Entered Level 5 of the Abyss
 63248 | Abyss:5  | Found a corrupted altar of Lugonu.
 63260 | Abyss:5  | Received a gift from Trog
 63260 | Abyss:5  | Reached XP level 26. HP: 224/239 MP: 30/30
 63577 | Depths:3 | Escaped the Abyss
 64026 | Depths:4 | Reached skill level 27 in Armour
 64067 | Depths:4 | Received a gift from Trog
 64305 | Depths:4 | Found Dybboe's Food Boutique.
 64978 | Depths:5 | Entered Level 5 of the Depths
 65044 | Depths:5 | Received a gift from Trog
 65181 | Depths:5 | Noticed a juggernaut
 65187 | Depths:5 | Killed a juggernaut
 65624 | Depths:5 | Found a runed door.
 65624 | Depths:5 | Found a runed door.
 65671 | Depths:5 | Found a runed door.
 65704 | Depths:5 | Found a runed door.
 65709 | Depths:5 | Found a runed door.
 65747 | Depths:5 | Found a runed door.
 65758 | Depths:5 | Reached XP level 27. HP: 245/245 MP: 30/30
 65989 | Depths:5 | Found a gate to the Realm of Zot.
 66004 | Zot:1    | Entered Level 1 of the Realm of Zot
 66159 | Zot:1    | Received a gift from Trog
 66346 | Zot:1    | Reached skill level 27 in Long Blades
 66659 | Zot:1    | Received a gift from Trog
 66948 | Zot:1    | Noticed an orb of fire
 66964 | Zot:1    | Killed an orb of fire
 68311 | Zot:2    | Received a gift from Trog
 69354 | Zot:4    | Identified the Almanac of Creative Contamination
 70315 | Depths:4 | Voluntarily entered the Abyss.
 70315 | Abyss:1  | Noticed a juggernaut
 70326 | Abyss:1  | Killed a juggernaut
 70377 | Abyss:1  | Received a gift from Trog
 70404 | Depths:4 | Escaped the Abyss
 70758 | Depths:3 | Killed an ancient lich
 72320 | Tomb:2   | Noticed an ancient lich
 72321 | Tomb:2   | Noticed a greater mummy
 72323 | Tomb:2   | Noticed a greater mummy
 72323 | Tomb:2   | Noticed a greater mummy
 72730 | Tomb:1   | Received a gift from Trog
 72840 | Tomb:1   | Killed a greater mummy
 73831 | Tomb:1   | Killed a greater mummy
 74197 | Tomb:2   | Killed a greater mummy
 74197 | Tomb:2   | Reached skill level 27 in Dodging
 74210 | Tomb:1   | Killed an ancient lich
 75472 | Tomb:1   | Noticed a greater mummy
 75472 | Tomb:1   | Noticed a greater mummy
 75472 | Tomb:1   | Noticed a greater mummy
 75473 | Tomb:1   | Noticed a greater mummy
 75473 | Tomb:1   | Noticed a greater mummy
 75474 | Tomb:1   | Noticed a greater mummy
 75482 | Tomb:2   | Killed a greater mummy
 75486 | Tomb:2   | Killed a greater mummy
 75800 | Tomb:2   | Killed a greater mummy
 75805 | Tomb:2   | Killed a greater mummy
 76373 | Tomb:1   | Noticed a greater mummy
 76375 | Tomb:1   | Noticed a greater mummy
 76376 | Tomb:2   | Killed a greater mummy
 76637 | Tomb:2   | Killed a greater mummy
 76865 | Tomb:2   | Killed a greater mummy
 77195 | Tomb:1   | Killed a greater mummy
 77196 | Tomb:1   | Noticed a greater mummy
 77206 | Tomb:1   | Killed a greater mummy
 77674 | Tomb:1   | Noticed a greater mummy
 77814 | Tomb:1   | Noticed a greater mummy
 77827 | Tomb:1   | Killed a greater mummy
 77851 | Tomb:1   | Noticed a greater mummy
 77878 | Tomb:1   | Killed a greater mummy
 77878 | Tomb:1   | Received a gift from Trog
 77902 | Tomb:1   | Noticed a greater mummy
 77942 | Tomb:1   | Killed a greater mummy
 78153 | Tomb:1   | Noticed a greater mummy
 78164 | Tomb:1   | Killed a greater mummy
 78400 | Tomb:1   | Noticed a greater mummy
 78466 | Tomb:1   | Killed a greater mummy
 78824 | Tomb:1   | Noticed a greater mummy
 78836 | Tomb:1   | Killed a greater mummy
 78992 | Tomb:1   | Killed a greater mummy
 79046 | Tomb:1   | Noticed a greater mummy
 79079 | Tomb:1   | Killed a greater mummy
 79094 | Tomb:1   | Noticed a greater mummy
 79104 | Tomb:1   | Killed a greater mummy
 79312 | Tomb:1   | Noticed a greater mummy
 79324 | Tomb:1   | Killed a greater mummy
 80446 | Tomb:2   | Upgraded the game from 0.20-a0-379-gc0b65bf to
                  | 0.20-a0-435-gf4ea4dd
 80452 | Tomb:3   | Entered Level 3 of the Tomb of the Ancients
 80563 | Tomb:3   | Noticed a greater mummy
 80582 | Tomb:2   | HP: 18/360 [bennu (10)]
 81057 | Tomb:3   | Noticed a greater mummy
 81288 | Tomb:2   | Lost intelligence.
 81483 | Tomb:2   | Lost intelligence.
 81529 | Tomb:2   | Lost intelligence.
 81756 | Tomb:3   | Killed a greater mummy
 81756 | Tomb:3   | Noticed a greater mummy
 82171 | Tomb:2   | Killed a greater mummy
 82456 | Tomb:3   | Noticed a greater mummy
 83147 | Tomb:3   | Noticed a greater mummy
 83168 | Tomb:2   | Killed a greater mummy
 83361 | Tomb:2   | Killed a greater mummy
 83366 | Tomb:2   | Killed a greater mummy
 83546 | Tomb:3   | Noticed a greater mummy
 83559 | Tomb:3   | Killed a greater mummy
 83644 | Tomb:3   | Noticed a greater mummy
 84078 | Tomb:3   | Killed a greater mummy
 84083 | Tomb:3   | Noticed a greater mummy
 84407 | Tomb:3   | Killed a greater mummy
 84471 | Tomb:3   | Noticed a greater mummy
 84484 | Tomb:3   | Killed a greater mummy
 84913 | Tomb:3   | Got a golden rune of Zot
 84979 | Tomb:3   | Found the +3 crown of Dyrovepreva {rElec Int+2 SInv}
 85075 | Tomb:3   | Got a bound glass ring
 85077 | Tomb:3   | Identified the ring of the Shining Light {MR+ Int+3 Stlth-}
                  | (You found it on level 3 of the Tomb of the Ancients)
 85480 | Tomb:2   | Paralysed by a Zot trap for 4 turns
 86065 | Zot:5    | Entered Level 5 of the Realm of Zot
 86539 | Zot:5    | Noticed an ancient lich
 86548 | Zot:5    | Killed an ancient lich
 86548 | Zot:5    | Received a gift from Trog
 86568 | Zot:5    | Noticed an orb of fire
 86569 | Zot:5    | Noticed an orb of fire
 86580 | Zot:5    | Killed an orb of fire
 86583 | Zot:5    | Gained mutation: Armour fits poorly on your strangely
                  | shaped body. [an orb of fire]
 86592 | Zot:5    | Killed an orb of fire
 87212 | Zot:5    | Noticed an orb of fire
 87214 | Zot:5    | Gained mutation: You are very weak. (Str -4) [an orb of
                  | fire]
 87226 | Zot:5    | Killed an orb of fire
 87233 | Zot:5    | Noticed an ancient lich
 87246 | Zot:5    | Killed an ancient lich
 87299 | Zot:5    | Noticed an orb of fire
 87299 | Zot:5    | Noticed an orb of fire
 87319 | Zot:5    | Killed an orb of fire
 87323 | Zot:5    | Killed an orb of fire
 87427 | Zot:5    | Noticed an orb of fire
 87427 | Zot:5    | Gained mutation: You are dopey. (Int -2) [an orb of fire]
 87429 | Zot:5    | Gained mutation: You sometimes yell uncontrollably at your
                  | foes. [an orb of fire]
 87435 | Zot:5    | Gained mutation: Your magical capacity is very low. (-20%
                  | MP) [an orb of fire]
 87437 | Zot:5    | Noticed an orb of fire
 87442 | Zot:5    | Killed an orb of fire
 87457 | Zot:5    | Gained mutation: Scrolls take you a little longer to read.
                  | [an orb of fire]
 87458 | Zot:5    | Killed an orb of fire
 87839 | Zot:5    | Noticed an orb of fire
 87853 | Zot:5    | Killed an orb of fire
 87968 | Zot:5    | Got the Orb of Zot
 88617 | Depths:1 | Noticed a seraph
 88956 | D:1      | Noticed Odunwa the pandemonium lord
 88964 | D:1      | Killed Odunwa the pandemonium lord
 89008 | D:$      | Escaped with the Orb!

Levels and vault maps discovered:
D:1:      minmay_arrival_four_houses, nrook_mini_backslash,
          nemelex_diamond_rough_becter
D:2:      lemuel_coloured_pillars_altar, first_bread
D:3:      nicolae_overflow_hidden_temple, uniq_jessica
D:4:      kennysheep_little_box, serial_shops, shop
D:5:      mrwooster_statue_mirror, tgw_kikubaaqudgha, uniq_blork_the_orc,
          uniq_grinder
D:6:      nicolae_qazlal_eye_of_the_storm, fountainhead
D:7:      lemuel_doored_altar, gup_ossuary_entry_pyramid, grunt_livestock
D:8:      kennysheep_mini, lair_entry_dummy, serial_bayou_crossing, uniq_maurice
D:9:      uniq_erica
D:10:     serial_shops, shop_coins, uniq_grum
D:11:     st_stairs_4
D:12:     minmay_orc_entry_temple_small, portal_ice_cave_entry_imps,
          kennysheep_small_square, uniq_frances, uniq_psyche
D:13:     serial_shops, nicolae_shop_window_shopping, serial_park_tiny_2,
          roderic_roman_lattice
D:14:     hangedman_vaults_entry_quadrant_bands, minmay_misc_feat_plants
D:15:     hangedman_depths_entry_civil_slaughter,
          hangedman_abyss_or_decor_passed, minivault_20
Lair:1:   grunt_megastairs_5, uniq_fannar
Lair:2:   hangedman_what_comes_after_a, dummy_spider_entry, grunt_megastairs_4,
          infiniplex_staircase_pool_2
Lair:3:   minmay_swamp_entry_swarm
Lair:4:   lightli_volcano_entry_magma_tube, grunt_megastairs_3
Lair:6:   due_jungle_book, minmay_slime_entry_pillars
Swamp:1:  evilmike_swamp_ruin_house_3, nicolae_swamp_round_clearing
Swamp:2:  evilmike_swamp_ruin_house_1
Swamp:3:  infiniplex_staircase_pool
Swamp:4:  swamp, nicolae_swamp_dragon_and_kin
Spider:1: lemuel_spider_zombies, worms_lemuel
Spider:3: uniq_jorgrun
Spider:4: grunt_spider_rune_parallel, zaba_antful_of_joy, uniq_roxanne,
          uniq_kirke
Orc:1:    uniq_josephine, uniq_harold, uniq_nergalle
Orc:2:    st_orc_rangers, lab_entry_generic, basic_altar, nicolae_orc_lava_tube,
          uniq_snorg
Elf:1:    hangedman_elf_disciples
Elf:2:    serial_shops, shop_statue, shop, shop, minmay_misc_feat_diagonals,
          minmay_shop_grove
Elf:3:    minmay_elf_hall_not_hex, uniq_nikola
Vaults:1: nicolae_vaults_what_the_h, nicolae_vaults_little_squares_2,
          nicolae_vaults_network_barrier, hangedman_vaults_stretched_pinwheel,
          v_rooms_6, nicolae_vaults_fighting_squares,
          ontoclasm_vaults_loading_screen, vaults_mumra_minichess,
          grunt_vaults_hallway_short
Vaults:2: nicolae_vaults_border_crossing,
          nicolae_vaults_windows_and_doors_thing,
          nicolae_vaults_little_squares_6, nicolae_vaults_stairing_the_circle,
          nicolae_vaults_back_hallway, hangedman_vaults_nails,
          nicolae_vaults_lopsided_apartments, v_alt_pattern_2,
          nicolae_vaults_circle_grid_a, nicolae_vaults_diagonal_hallway_8,
          v_rooms_5, vaults_room_large_hall, vaults_mumra_chevron,
          nicolae_vaults_gold_heap, nicolae_vaults_shelves_hall, uniq_donald
Vaults:3: hangedman_vaults_slice, ontoclasm_vaults_hangar,
          nicolae_vaults_big_ls, nicolae_vaults_little_squares_5,
          nicolae_vaults_network_quinsquares, kennysheep_vaults_gozag_temple,
          vaults_standard_mumra_x, vaults_room_grid,
          minmay_crypt_entry_nasty_monster, hangedman_vaults_pinch,
          hangedman_vaults_maws, vaults_room_hallway, enter_trove_0
Vaults:4: v_misc_33, v_rooms_6, vaults_dpeg_ring, ontoclasm_vaults_echo,
          vaults_dpeg_encased_lava, vaults_room_stairs_pillars,
          grunt_vaults_diagonal, vaults_dpeg_cross, uniq_xtahua, uniq_bai_suzhen
Crypt:3:  grunt_crypt_end_deaths_head, uniq_margery
Tomb:1:   uniq_frederick
Depths:1: corexii_leaking_fountain, infiniplex_enter_wizlab_glasses,
          grunt_metal_band, minmay_statues_item, water_maze_lemuel,
          grunt_megastairs_1, minmay_shop_star, serial_bayou_shore_b,
          uniq_enchantress
Depths:2: kennysheep_demon_jail, enter_ziggurat_b,
          serial_sigils_hangedman_stare, pf_vacation_house_of_asmodeus
Depths:3: box_level_dp, abyss_entry, hell_entry, pan_entry
Depths:4: evilmike_cross, hell_entry, serial_shops, kennysheep_mini_moat,
          abyss_entry_crystal, grunt_decor_resistance,
          hangedman_abyss_or_decor_stagger
Depths:5: evilmike_zot_entry_castle, hangedman_decor_opposing, serial_glass,
          glass_columns_a, glass_columns_b, hell_entry, st_stairs_3,
          hangedman_decor_diamond_cutter
Zot:1:    grunt_megastairs_2
Zot:2:    zot_minivault_8
Zot:5:    layout_cathedral_of_symmetry

Skill      XL: |  1  2  3  4  5  6  7  8  9 10 11 12 13 14 15 16 17 18 19 20 21 22 23 24 25 26 27 |
---------------+----------------------------------------------------------------------------------+-----
Long Blades    | 4 5 6 8 9 11 13 14 16 20 23 25 26 27 | 27.0
Armour         | 9 10 11 12 14 15 16 17 18 20 21 23 26 27 | 27.0
Fighting       | 6 9 12 14 16 17 20 22 24 26 27 | 27.0
Dodging        | 6 7 9 10 11 12 13 16 17 18 27 | 27.0
Evocations     | 3 5 7 8 9 11 12 13 14 15 17 25 | 25.0

Action                   |  1- 3 |  4- 6 |  7- 9 | 10-12 | 13-15 | 16-18 | 19-21 | 22-24 | 25-27 || total
-------------------------+-------+-------+-------+-------+-------+-------+-------+-------+-------++-------
Melee: Falchion          |    85 |   112 |   346 |   340 |  1147 |   857 |       |       |       ||  2887
       Headbutt          |    14 |    20 |    79 |   119 |   401 |   405 |   317 |   517 |  1068 ||  2940
       Scimitar          |       |       |       |    41 |       |       |       |       |       ||    41
       Triple sword      |       |       |       |       |       |   369 |  1001 |  1466 |  2854 ||  5690
       Unarmed           |       |       |       |       |       |       |    20 |       |       ||    20
Throw: Javelin           |       |       |       |     1 |       |       |       |       |       ||     1
Invok: Trog's Hand       |     1 |     6 |    11 |     7 |    15 |     7 |     7 |     5 |    12 ||    71
       Brothers in Arms  |       |       |     3 |     2 |     7 |     7 |     9 |    23 |    25 ||    76
       No ability        |       |       |       |     1 |     1 |       |     4 |     2 |       ||     8
       Berserk           |       |       |       |     1 |     6 |     3 |     2 |    12 |     8 ||    32
 Abil: Evoke Flight      |       |       |       |       |       |       |       |     3 |     2 ||     5
Evoke: Wand              |       |       |     3 |     7 |       |       |     6 |     2 |     4 ||    22
       Lamp of fire      |       |       |       |       |     1 |     2 |     2 |     2 |     7 ||    14
       Sack of spiders   |       |       |       |       |       |       |     1 |       |     4 ||     5
       Phial of floods   |       |       |       |       |       |       |       |     2 |     3 ||     5
       Fan of gales      |       |       |       |       |       |       |       |       |     1 ||     1
  Use: Scroll            |       |       |     9 |     6 |    21 |    10 |     9 |    32 |    13 ||   100
       Potion            |       |       |     2 |       |     8 |     3 |    10 |     7 |    13 ||    43
 Stab: Held in net/web   |       |       |       |       |       |     2 |       |       |       ||     2
       Sleeping          |       |       |       |       |       |       |     2 |       |       ||     2
       Distracted        |       |       |       |       |       |       |     1 |       |       ||     1
       Paralysed         |       |       |       |       |       |       |       |       |     1 ||     1
  Eat: Chunk             |     4 |     8 |    25 |    20 |    48 |    27 |    25 |    13 |    27 ||   197
       Ration            |       |       |       |     1 |     1 |     8 |     2 |     4 |    12 ||    28
       Buggy fruit       |       |       |       |       |     6 |       |     2 |     2 |     2 ||    12
       Buggy jelly       |       |       |       |       |       |       |     1 |       |       ||     1
       Buggy fruit       |       |       |       |       |       |       |     7 |     9 |     2 ||    18
       Buggy fruit       |       |       |       |       |       |       |       |     2 |     6 ||     8
       Buggy ration      |       |       |       |       |       |       |       |       |    10 ||    10
Armor: Animal skin       |     3 |       |       |       |       |       |       |       |       ||     3
       Leather armour    |    10 |       |       |       |       |       |       |       |       ||    10
       Scale mail        |     8 |    36 |    98 |    57 |    94 |   512 |   367 |       |       ||  1172
       Skin              |       |       |     4 |       |       |       |     1 |       |       ||     5
       Chain mail        |       |       |       |    43 |   237 |       |       |       |       ||   280
       Plate armour      |       |       |       |       |       |       |    18 |   921 |       ||   939
       Gold dragon scale |       |       |       |       |       |       |       |     7 |  2158 ||  2165
Dodge: Dodged            |    62 |    50 |   117 |   226 |   626 |   764 |   516 |  1071 |  2451 ||  5883
Block: Buckler           |       |       |       |       |   132 |   298 |       |       |       ||   430
       Reflection        |       |       |       |       |    23 |     8 |    24 |     6 |    13 ||    74
       Other             |       |       |       |       |       |    45 |   140 |   207 |   415 ||   807
       Rpst.: Falchion   |    11 |    10 |    37 |    60 |   130 |    84 |       |       |       ||   332
       Scimitar          |       |       |       |     5 |       |       |       |       |       ||     5
       Triple sword      |       |       |       |       |       |    53 |   113 |   246 |   481 ||   893

Table legend:
 A = Non-vault XP
 B = Vault XP
 C = Vault XP percentage of total XP
 D = Non-vault monster count
 E = Vault monster count
 F = Vault count percentage of total count
                 A         B        C        D         E       F
            +---------+---------+-------+---------+---------+-------
      Total |   30902 |  259861 |  89.4 |      18 |      87 |  82.9
            +---------+---------+-------+---------+---------+-------
     Tomb:2 |       0 |   33157 | 100.0 |       0 |      12 | 100.0
     Tomb:3 |    2712 |   53310 |  95.2 |       2 |      33 |  94.3
      Zot:5 |   28190 |  173394 |  86.0 |      16 |      42 |  72.4
            +---------+---------+-------+---------+---------+-------
